 Dungeon Crawl Stone Soup version 0.31.0-12-g77e489cdc1 (webtiles) character file.

Game seed: 3757879375322246931

94 quinnr the Conjurer (level 4, -2/24 HPs)
             Began as a Tengu Air Elementalist on Jan 28, 2024.
             Killed by divine providence
             ... invoked by an orc priest
              (11 damage)
             ... on level 3 of the Dungeon on Feb 17, 2024.
             The game lasted 00:08:18 (2717 turns).

quinnr the Conjurer (Tengu Air Elementalist)        Turns: 2717, Time: 00:08:18

Health: -2/24      AC:  4    Str:  8    XL:     4   Next: 63%
Magic:  8/8        EV: 11    Int: 18    God:
Gold:   128        SH:  5    Dex: 14    Spells: 6/7 levels left

rFire   + + .        l - +2 dagger (holy)
rCold   + . .        d - +1 buckler {rC+ rF+}
rNeg    . . .        n - +1 leather armour {rF+}
rPois   .            (helmet restricted)
rElec   .            (no cloak)
rCorr   .            (no gloves)
SInv    .            (boots unavailable)
Will    .....        (no amulet)
Stlth   ++           (no ring)
HPRegen 0.24/turn    (no ring)
MPRegen 0.11/turn

%: acrobat
@: no status effects
A: beak, talons 3, acrobatic
a: no special abilities


You were on level 3 of the Dungeon.
You visited 1 branch of the dungeon, and saw 3 of its levels.

You collected 128 gold pieces.


Innate Abilities, Weirdness & Mutations

You have a beak for a mouth.
You have claws for feet.
You can magically evade attacks while moving or waiting.


   Skills:
 + Level 0.8 Armour
 - Level 2.1 Dodging
 - Level 2.0 Stealth
 + Level 0.6 Shields
 - Level 2.0 Spellcasting
 * Level 5.4 Conjurations
 - Level 4.0 Air Magic


You had 6 spell levels left.
You knew the following spells:

 Your Spells              Type           Power      Damage    Failure   Level
z - Shock                 Conj/Air       72%        1d7       6%          1

Your spell library contained the following spells:

 Spells                   Type           Power      Damage    Failure   Level
 Static Discharge         Conj/Air       36%        3-5/arc   10%         2
 Momentum Strike          Conj/Tloc      22%        3d8       22%         2
 Swiftness                Air            16%        N/A       24%         3
 Sandblast                Erth           2%         2d4       38%         1
 Stone Arrow              Conj/Erth      22%        3d8       38%         3
 Blink                    Tloc           2%         N/A       54%         2
 Lesser Beckoning         Tloc           2%         N/A       54%         2
 Airstrike                Air            8%         2d(2-18)  63%         4
 Passwall                 Erth           1%         N/A       77%         3
 Iskenderun's Battlesphe  Conj           21%        2d7       78%         5
 Brom's Barrelling Bould  Conj/Erth      11%        2d3       80%         4
 Bombard                  Conj/Erth      5%         9d2       100%        6
 Spellforged Servitor     Conj/Summ      5%         N/A       100%        7

Inventory:

Hand Weapons
 l - a +2 dagger of holy wrath (weapon)
Armour
 a - a +0 robe
 d - a +1 buckler of resistance (worn)
 g - a +2 buckler
 n - a +1 leather armour of fire resistance (worn)
 q - an orb of energy
Scrolls
 c - a scroll of vulnerability {unknown}
 e - a scroll of enchant weapon {unknown}
 h - a scroll of enchant armour {unknown}
 i - a scroll of fear {unknown}
 j - a scroll of blinking {unknown}
 o - a scroll of silence {unknown}
 p - a scroll of identify {unknown}
Potions
 b - a potion of magic
 f - 2 potions of haste {unknown}
 k - a potion of brilliance {unknown}
 m - a potion of heal wounds {unknown}

Dungeon Overview and Level Annotations

Branches:
Dungeon (3/15)

Altars:

###..# #....)#
###...### ##.)#.#
........# ##...#
######..#### #...# #
#....)####...#
###.....##...#
####...#...#######
#.#...#........
#..#..@.##.####
###########....#o...#
##...†........#...####
#..#########.##.#...##
..## #.##.###..#####
.### #..#.###o.....#
...# ##..<.###.###.#
##.## ##...# #)# #.†#
#...# #......)o


You could see an orc priest and an orc.


Message History

Press: ? - help, Shift-Dir - straight line, f - orc priest
Aim: an orc priest, wielding a +0 dagger (71% to hit)
The zap misses the orc priest.
The zap hits the orc.
The orc is heavily wounded.
The orc hits you with a +0 dagger.
Unknown command.
Unknown command.
Casting: Shock (safe; 6% risk of failure)
Confirm with . or Enter, or press ? or * to list all spells.
You don't have enough magic to cast this spell.
Unknown command.
Unknown command.
The orc attacks as it pursues you! The orc barely misses you.
Your magical contamination has completely faded away.
The orc attacks as it pursues you! The orc hits you but does no damage.
There is a stone staircase leading up here.
You climb upwards.
There is a stone staircase leading down here.
You start resting.
HP restored.
Magic restored.
You climb downwards.
The orc priest invokes the aid of Beogh against you.
Beogh smites you!
Ouch! That really hurt!
* * * LOW HITPOINT WARNING * * *
The orc barely misses you.
The orc priest calls down the wrath of Beogh upon you.
Beogh smites you!
You die...

Skill      XL: |  1  2  3 |
---------------+----------+-----
Conjurations   | 2 3 5 |  5.4
Armour         | |  0.8
Dodging        | |  2.1
Stealth        | |  2.0
Shields        | |  0.6
Spellcasting   | |  2.0
Air Magic      | |  4.0

Action                     |  1- 3 |  4- 6 || total
---------------------------+-------+-------++-------
  Melee: Unarmed           |     6 |       ||     6
         Kick              |     1 |     1 ||     2
         Peck              |     1 |       ||     1
         Dagger            |       |     2 ||     2
   Cast: Shock             |    65 |    46 ||   111
    Use: Scroll            |       |     1 ||     1
 Armour: Robe              |     4 |       ||     4
         Leather armour    |       |     7 ||     7
  Dodge: Dodged            |    13 |    10 ||    23
  Block: Buckler           |       |     3 ||     3

Levels and vault maps discovered:
D:1:      shiori_arrival_whats_in_store_for_you, layout_loops_ring
D:2:      layout_loops_ring, chequers_serial_rivers_small_a
D:3:      layout_rooms, shapermc_ecumenical_altar_mp_urbaneastern,
          kennysheep_generic_room_6

Notes
Turn   | Place    | Note
-------+----------+-------------------------------------------
     0 | D:1      | quinnr the Tengu Air Elementalist began the quest for the
                  | Orb.
     0 | D:1      | Reached XP level 1. HP: 10/10 MP: 4/4
     0 | D:1      | Noticed a large abomination
     0 | D:1      | Noticed a large abomination
     1 | D:1      | Noticed a large abomination
     2 | D:1      | Noticed a large abomination
     4 | D:1      | Noticed a large abomination
     4 | D:1      | Noticed a large abomination
     6 | D:1      | Noticed a large abomination
     7 | D:1      | Noticed a large abomination
     8 | D:1      | Noticed a large abomination
     9 | D:1      | Noticed a large abomination
    11 | D:1      | Noticed a large abomination
    11 | D:1      | Noticed a large abomination
    13 | D:1      | Noticed a large abomination
    13 | D:1      | Noticed a large abomination
    15 | D:1      | Noticed a large abomination
    15 | D:1      | Noticed a small abomination
    15 | D:1      | Noticed a large abomination
    17 | D:1      | Noticed a large abomination
    19 | D:1      | Noticed a large abomination
    21 | D:1      | Noticed a large abomination
   105 | D:1      | Reached skill level 2 in Conjurations
   223 | D:1      | Reached XP level 2. HP: 15/15 MP: 4/6
   255 | D:1      | Reached skill level 3 in Conjurations
   328 | D:1      | Identified a +1 buckler of resistance
   757 | D:1      | Reached XP level 3. HP: 19/19 MP: 5/7
   888 | D:1      | Reached skill level 4 in Conjurations
  1404 | D:2      | Upgraded the game from 0.31.0-11-ge490571c62 to
                  | 0.31.0-12-g77e489cdc1
  1515 | D:2      | Reached skill level 5 in Conjurations
  1515 | D:2      | Reached XP level 4. HP: 18/24 MP: 3/8
  2591 | D:3      | Found a faded altar of an unknown god.
  2717 | D:3      | Killed from afar by an orc priest

Vanquished Creatures
  3 adders
  A dart slug (D:1)
  2 ribbon worms
  2 orcs (D:3)
  7 ball pythons
  4 endoplasms
  3 giant cockroaches
  3 goblins
  5 hobgoblins
  7 kobolds
  3 quokkas (D:2)
  6 bats
  2 frilled lizards
  5 rats
53 creatures vanquished.

Table legend: (Time is in decaauts)
 A = Elapsed time spent in this place.
 B = Non-inter-level travel time spent in this place.
 C = Inter-level travel time spent in this place.
 D = Time resting spent in this place.
 E = Time spent auto-exploring this place.
 F = Levels seen in this place.
 G = Mean time per level.
                   A        B        C        D        E       F      G
               +--------+--------+--------+--------+--------+-----+--------+
         Total |   2719 |   2670 |     49 |    277 |   2001 |   3 |  906.3 |
       Dungeon |   2719 |   2670 |     49 |    277 |   2001 |   3 |  906.3 |
               +--------+--------+--------+--------+--------+-----+--------+

Top non-repeatable levels by time:
     D:2: 1284 daAuts
     D:1: 908 daAuts
     D:3: 527 daAuts

Table legend:
 A = Non-vault XP
 B = Vault XP
 C = Vault XP percentage of total XP
 D = Non-vault monster count
 E = Vault monster count
 F = Vault count percentage of total count
                 A         B        C        D         E       F
            +---------+---------+-------+---------+---------+-------
      Total |     135 |       0 |   0.0 |      53 |       0 |   0.0
            +---------+---------+-------+---------+---------+-------
        D:1 |      38 |       0 |   0.0 |      21 |       0 |   0.0
        D:2 |      61 |       0 |   0.0 |      20 |       0 |   0.0
        D:3 |      36 |       0 |   0.0 |      12 |       0 |   0.0
            +---------+---------+-------+---------+---------+-------

Levels and vault maps discovered:
D:1:      shiori_arrival_whats_in_store_for_you, layout_loops_ring
D:2:      layout_loops_ring, chequers_serial_rivers_small_a
D:3:      layout_rooms, shapermc_ecumenical_altar_mp_urbaneastern,
          kennysheep_generic_room_6
